 Dungeon Crawl Stone Soup version 0.22-a0-603-gfc1114d (webtiles) character file.

62083 Gildeon the Severer (level 14, -6/119 HPs)
             Began as a Minotaur Fighter on July 7, 2018.
             Was the Champion of Okawaru.
             Mangled by a rust devil (13 damage)
             ... summoned by an orc high priest
             ... on level 2 of the Orcish Mines.
             The game lasted 01:34:05 (17947 turns).

Gildeon the Severer (Minotaur Fighter)             Turns: 17947, Time: 01:34:06

Health: -6/119     AC: -5    Str: 25    XL:     14   Next: 63%
Magic:  20/20      EV: 13    Int:  6    God:    Okawaru [******]
Gold:   1802       SH:  0    Dex: 13    Spells: 19/23 levels left

rFire    + . .     SeeInvis .   a - +4 war axe (elec)
rCold    . . .     Gourm    .   c - +1 shield
rNeg     . . .     Faith    .   k - +2 plate armour {rF+}
rPois    .         Spirit   .   (helmet restricted)
rElec    .         Reflect  .   B - +1 cloak
rCorr    .         Harm     +   J - +2 pair of gloves {Str+3}
MR       +....                  (no boots)
Stlth    ..........             C - amulet of harm
HPRegen  0.29/turn              I - ring of flight
MPRegen  0.17/turn              d - +4 ring of evasion

@: confused, corroded
A: retaliatory headbutt, fangs 1, horns 2, rugged brown scales 1, slimy green
scales 1
a: Heroism, Finesse, Renounce Religion, Evoke Flight


You were on level 2 of the Orcish Mines.
You worshipped Okawaru.
Okawaru was exalted by your worship.
You were not hungry.

You visited 4 branches of the dungeon, and saw 18 of its levels.
You also visited: Volcano.

You collected 1802 gold pieces.

Inventory:

Hand Weapons
 a - a +4 war axe of electrocution (weapon)
 b - a +2 flail of crushing
 h - a +1 broad axe of venom
 p - the +14 obsidian axe {chop, +Fly SInv *Curse}
   (Okawaru gifted it to you on level 2 of the Lair of Beasts)

   It inflicts extra damage upon your enemies.
   It lets you see invisible.
   It lets you fly.
   It curses itself when equipped.
 K - a +1 hand axe of freezing
Missiles
 A - 12 poisoned tomahawks
 N - a javelin
 O - 9 tomahawks (quivered)
Armour
 c - a +1 shield (worn)
 j - a +3 chain mail
 k - a +2 plate armour of fire resistance (worn)
 z - +0 fire dragon scales
 B - a +1 cloak (worn)
 D - a +0 robe of fire resistance
 G - a +1 chain mail of cold resistance
 J - a +2 pair of gloves of strength (worn)
 M - a +1 chain mail of cold resistance
Jewellery
 d - a +4 ring of evasion (right hand)
 g - an uncursed ring of fire
 i - an uncursed ring of protection from fire
 m - an uncursed amulet of rage
 C - an amulet of harm (around neck)
 I - a ring of flight (left hand)
Wands
 q - a wand of paralysis (41)
 E - a wand of iceblast (10)
 F - a wand of digging (9)
 H - a wand of acid (8)
Scrolls
 s - 2 scrolls of remove curse
 t - 8 scrolls of teleportation
 L - a scroll of fear
Potions
 e - a potion of cancellation
 l - a potion of heal wounds
 n - 2 potions of invisibility
 o - 2 potions of resistance
 r - 4 potions of brilliance
 u - a potion of agility
 v - 3 potions of lignification
 x - 9 potions of curing
 y - a potion of ambrosia
Comestibles
 f - 21 rations
 w - 12 chunks of flesh


   Skills:
 + Level 8.4 Fighting
 * Level 18.1 Axes
 - Level 5.0 Armour
 - Level 5.0 Dodging
 - Level 15.0 Shields
 - Level 5.0 Spellcasting
 - Level 5.0 Hexes
 + Level 4.3 Charms
 - Level 5.0 Invocations
 - Level 5.0 Evocations


You had 19 spell levels left.
You knew the following spells:

 Your Spells              Type           Power        Failure   Level  Hunger
a - Corona                Hex            #......      50%         1    #......
b - Infusion              Chrm           #...         58%         1    #......
c - Song of Slaying       Chrm           #.......     73%         2    ###....

Your spell library contained the following spells:

 Spells                   Type           Power        Failure   Level  Hunger
 Magic Dart               Conj           #...         99%         1    #......
 Confuse                  Hex            #.......     86%         3    ###....
 Iskenderun's Mystic Bla  Conj           #.......     100%        4    #####..
 Regeneration             Chrm/Necr      #.........   99%         3    ###....
 Tukima's Dance           Hex            #.......     86%         3    ###....
 Spider Form              Tmut/Pois      #.........   100%        3    ###....
 Blade Hands              Tmut           #.........   100%        5    ######.
 Ice Form                 Ice/Tmut       #.......     100%        4    #####..
 Sticks to Snakes         Tmut           #.......     100%        2    ###....
 Ensorcelled Hibernation  Hex/Ice        #.....       93%         2    ###....
 Shroud of Golubria       Chrm/Tloc      #.........   95%         2    ###....
 Beastly Appendage        Tmut           #.....       99%         1    #......
 Fulminant Prism          Conj/Hex       #.........   100%        4    #####..
 Dazzling Spray           Conj/Hex       #.....       99%         3    ###....
 Force Lance              Conj/Tloc      #.......     100%        4    #####..
 Spectral Weapon          Hex/Chrm       #.......     88%         3    ###....
 Searing Ray              Conj           #.....       100%        2    ###....


Dungeon Overview and Level Annotations

Branches:
Dungeon (9/15)             Temple (1/1) D:6            Lair (6/6) D:9
 Shoals (0/4) Lair:4       Spider (0/4) Lair:3        Slime (0/5) Lair:6
    Orc (2/2) D:9             Elf (0/3) Orc:2

Altars:
Ashenzari
Cheibriados
Dithmenos
Elyvilon
Fedhas
Gozag
Hepliaklqana
Kikubaaqudgha
Makhleb
Nemelex Xobeh
Okawaru
Qazlal
Ru
Sif Muna
Trog
Uskayaw
Vehumet
Wu Jian
Xom
Yredelemnul
Zin
The Shining One

Shops:
D:6 [   D:7 !   Orc:2 (=

Annotations:
Lair:2 3 runed doors, Meatbag's ghost, journeyman MiBe
Lair:4 exclusion: 2 oklob plants
Lair:5 1 runed door, Dukluodd's ghost, journeyman HaGl


Innate Abilities, Weirdness & Mutations

You reflexively headbutt those who attack you in melee.
You have a pair of horns on your head.
You have very sharp teeth.
You are partially covered in rugged brown scales. (AC +1, +3% HP)
You are partially covered in slimy green scales. (AC +2)


Message History

You hit the rust devil but do no damage.
The rust devil is severely wounded.
You hit the smoke demon but do no damage.
The smoke demon barely misses you. x2; The smoke demon closely misses you.
You hit the rust devil but do no damage.
The rust devil is severely wounded.
You hit the smoke demon but do no damage.
Lightning courses through the smoke demon!
The rust devil hits you!
* * * LOW HITPOINT WARNING * * *
The rust devil corrodes you! The smoke demon closely misses you. x2
The smoke demon hits you.
* * * LOW HITPOINT WARNING * * *
Unknown command.
You're too confused!
You bump into the stone wall.
The orc priest casts a cantrip, but nothing happens.
The orc high priest utters an invocation to Beogh.
The rust devil hits you!
You die...

#.....#.....##.....#..
##....................#
##......................
##
#....##................#
##.#
##...#####..........#..##
#... ##..)..#
##..........###
#..###.#.####
############ #........#
###### ##.......# ##@4o4#
###.....# ##.3##o4...#
#......# #..## .oo(..#
#......###.## .##.#.∩ ###
#.....###..# ## # .
#.###....####.##
...#.....#.##.#
....#......##.#
...........##.#####.


You could see an orc high priest, a hellwing, a rust devil, a smoke demon, an
orc sorcerer, a red devil and an orc priest.

Vanquished Creatures
  An orc warlord (Orc:1)
  5 dire elephants (Lair:6)
  5 hydras
  An anaconda (Lair:6)
  Erica (Orc:1)
  4 two-headed ogres
  An orc high priest (D:9)
  Urug (Lair:2)
  A hell knight (Volcano)
  A salamander mystic (Volcano)
  Pikel (D:6)
  3 orc sorcerers
  2 orc knights
  An ugly thing (D:9)
  5 salamanders (Volcano)
  17 elephants
  8 black mambas
  A merfolk siren (Lair:4)
  13 spiny frogs
  4 komodo dragons
  A polar bear (Lair:5)
  A troll (Orc:1)
  7 jumping spiders (Lair:3)
  A queen bee (Lair:2)
  Grinder (D:6)
  24 blink frogs
  13 dream sheep
  8 hippogriffs
  2 redbacks (Lair:3)
  A spriggan (D:7)
  7 fire bats (Volcano)
  20 yaks
  6 basilisks
  A hungry ghost (D:9)
  Menkaure (D:6)
  2 wargs
  17 water moccasins
  Duvessa (D:4)
  25 orc warriors
  9 porcupines
  2 sky beasts
  3 ice beasts
  3 slaves (D:6)
  4 black bears
  4 ogres
  3 phantoms
  4 centaurs
  10 crocodiles
  A big kobold (D:7)
  A gnoll sergeant (D:9)
  17 bullfrogs
  Dowan (D:4)
  2 scorpions (D:7)
  30 killer bees
  5 wights (D:8)
  A howler monkey (D:5)
  5 lava snakes (Volcano)
  A vampire bat (D:5)
  A crimson imp (D:5)
  12 orc priests
  2 bullfrog zombies
  4 jellies
  A gnoll shaman (Orc:1)
  5 hounds
  A bullfrog skeleton (D:7)
  18 orc wizards
  Crazy Yiuf (D:7)
  A centaur skeleton (D:8)
  3 worker ants
  A howler monkey zombie (D:6)
  11 adders
  8 gnolls
  3 shadow imps
  7 oozes
  An adder zombie (D:8)
  4 adder skeletons
  4 worms
  3 dart slugs
  A leopard gecko (D:9)
  81 orcs
  4 giant cockroaches
  9 goblins
  7 hobgoblins
  3 jackals (D:2)
  6 quokkas
  2 ball pythons
  15 bats
  3 frilled lizards
  14 kobolds
  A leopard gecko skeleton (D:4)
  2 quokka skeletons
  A quokka zombie (D:7)
  6 rats
  5 fungi
  14 plants
586 creatures vanquished.

Vanquished Creatures (others)
  A slave (D:6)
  An orc priest (D:6)
  An orc (D:6)
  7 fungi
  9 plants
19 creatures vanquished.

Grand Total: 605 creatures vanquished

Notes
Turn   | Place    | Note
-------+----------+-------------------------------------------
     0 | D:1      | Gildeon the Minotaur Fighter began the quest for the Orb.
     0 | D:1      | Reached XP level 1. HP: 19/19 MP: 0/0
   284 | D:1      | Reached XP level 2. HP: 26/27 MP: 1/1
   284 | D:1      | Reached skill level 3 in Axes
   365 | D:1      | Reached skill level 1 in Dodging
   711 | D:2      | Reached skill level 8 in Axes
   711 | D:2      | Reached XP level 3. HP: 33/33 MP: 2/2
   771 | D:2      | Reached XP level 4. HP: 35/40 MP: 3/3
  1435 | D:3      | Found an iron altar of Okawaru.
  1460 | D:3      | Became a worshipper of Warmaster Okawaru
  1619 | D:3      | Reached XP level 5. HP: 46/46 MP: 4/4
  2167 | D:4      | Got a fine ring mail
  2178 | D:4      | Identified the +5 ring mail of the Valley {Stlth+} (You found it on level 4 of the Dungeon)
  2228 | D:4      | Learned a level 1 spell: Corona
  2450 | D:4      | Reached XP level 6. HP: 51/52 MP: 5/5
  2450 | D:4      | Noticed Duvessa
  2451 | D:4      | Noticed Dowan
  2461 | D:4      | Killed Duvessa
  2461 | D:4      | Reached * piety under Okawaru
  2480 | D:4      | Killed Dowan
  2937 | D:4      | Reached skill level 9 in Axes
  3136 | D:4      | Reached XP level 7. HP: 54/60 MP: 6/6
  3242 | D:5      | Entered Level 5 of the Dungeon
  3582 | D:5      | Found a hide-covered altar of Uskayaw.
  3663 | D:5      | Reached skill level 5 in Fighting
  3868 | D:5      | Reached skill level 5 in Armour
  4239 | D:6      | Noticed Pikel
  4260 | D:6      | Reached XP level 8. HP: 39/68 MP: 7/7
  4261 | D:6      | Killed Pikel
  4261 | D:6      | Reached ** piety under Okawaru
  4261 | D:6      | Reached skill level 10 in Axes
  4399 | D:6      | Noticed Menkaure
  4404 | D:6      | Killed Menkaure
  4404 | D:6      | Noticed Grinder
  4409 | D:6      | Paralysed by Grinder for 3 turns
  4417 | D:6      | Killed Grinder
  4417 | D:6      | Reached *** piety under Okawaru
  4760 | D:6      | Reached skill level 10 in Shields
  4760 | D:6      | Reached XP level 9. HP: 53/74 MP: 8/8
  4984 | D:6      | Found Doulaq's Armour Shop.
  5008 | D:6      | Reached skill level 11 in Axes
  5165 | D:6      | Found a staircase to the Ecumenical Temple.
  5189 | D:6      | Found a bloodstained altar of Trog.
  5190 | D:6      | Found a white marble altar of Elyvilon.
  5341 | Temple   | Entered the Ecumenical Temple
  5692 | D:7      | Reached skill level 5 in Dodging
  5720 | D:7      | Found Nusuinou's Distillery.
  6002 | D:7      | Reached skill level 1 in Evocations
  6557 | D:7      | Reached **** piety under Okawaru
  6697 | D:7      | Reached skill level 12 in Axes
  6770 | D:7      | Found a runed door.
  6774 | D:7      | Noticed Crazy Yiuf
  6782 | D:7      | Killed Crazy Yiuf
  7194 | D:8      | Reached XP level 10. HP: 80/81 MP: 10/10
  7195 | D:8      | Found a blossoming altar of Fedhas.
  7418 | D:8      | Noticed a two-headed ogre
  7427 | D:8      | Killed a two-headed ogre
  7427 | D:8      | Reached ***** piety under Okawaru
  7727 | D:9      | Found a staircase to the Lair.
  7727 | D:9      | Noticed an elephant
  7742 | D:9      | Killed an elephant
  7742 | D:9      | Reached skill level 13 in Axes
  7955 | D:9      | Noticed a two-headed ogre
  7968 | D:9      | Killed a two-headed ogre
  8125 | D:9      | Found a staircase to the Orcish Mines.
  8244 | D:9      | Noticed a two-headed ogre
  8255 | D:9      | Killed a two-headed ogre
  8255 | D:9      | Received a gift from Okawaru
  8518 | D:9      | Found a shimmering altar of Xom.
  8524 | D:9      | Reached XP level 11. HP: 84/86 MP: 13/13
  8591 | D:9      | Reached skill level 14 in Axes
  8597 | D:9      | Noticed a purple ugly thing
  8607 | D:9      | Killed a purple ugly thing
  8607 | D:9      | Reached skill level 5 in Evocations
  8865 | Lair:1   | Entered Level 1 of the Lair of Beasts
  8876 | Lair:1   | Reached skill level 1 in Invocations
  9049 | Lair:1   | Found the +8 demon blade "Bloodbane" {slice, *Rage +Rage Stlth-}
  9066 | Lair:1   | Reached ****** piety under Okawaru
  9194 | Lair:1   | Noticed a five-headed hydra
  9202 | Lair:1   | Killed a five-headed hydra
  9266 | Lair:1   | Noticed a seven-headed hydra
  9271 | Lair:1   | Killed a seven-headed hydra
  9278 | Lair:1   | Found a dark tunnel.
  9282 | Lair:1   | Reached skill level 15 in Axes
  9293 | Volcano  | Entered a volcano
  9509 | Volcano  | Received a gift from Okawaru
  9510 | Volcano  | Got a crude buckler {god gift}
  9521 | Volcano  | Identified the +1 buckler "Xayriter" {Int+8 Dex-2} (Okawaru gifted it to you in a volcano)
  9598 | Volcano  | Noticed a hell knight
  9604 | Volcano  | HP: 4/86 [hell knight/flail of flaming (1)]
  9610 | Volcano  | Noticed a salamander mystic
  9613 | Volcano  | Killed a hell knight
  9620 | Volcano  | Reached XP level 12. HP: 36/94 MP: 14/14
  9740 | Volcano  | Found a burning altar of Makhleb.
  9824 | Volcano  | Found a burning altar of Makhleb.
 10076 | Lair:2   | Reached skill level 16 in Axes
 10127 | Lair:2   | Found a runed gate.
 10127 | Lair:2   | Found a runed gate.
 10127 | Lair:2   | Found a runed gate.
 10127 | Lair:2   | Noticed Meatbag's ghost (journeyman MiBe)
 10198 | Lair:2   | You fall through a shaft for 2 floors!
 10285 | Lair:4   | Reached skill level 5 in Invocations
 10356 | Lair:4   | Reached skill level 1 in Spellcasting
 10401 | Lair:4   | Reached skill level 1 in Hexes
 10426 | Lair:4   | Received a gift from Okawaru
 10819 | Lair:3   | Gained mutation: You tend to lose your temper in combat. [potion of mutation]
 10819 | Lair:3   | Gained mutation: You are frail. (-10% HP) [potion of mutation]
 10819 | Lair:3   | Gained mutation: Your body sometimes deteriorates upon taking damage. [potion of mutation]
 10819 | Lair:3   | Gained mutation: You can translocate small distances at will. [potion of mutation]
 10820 | Lair:3   | Lost mutation: You are frail. (-10% HP) [potion of mutation]
 10820 | Lair:3   | Lost mutation: You tend to lose your temper in combat. [potion of mutation]
 10820 | Lair:3   | Gained mutation: Your mind is acute. (Int +2) [potion of mutation]
 10820 | Lair:3   | Gained mutation: You have very sharp teeth. [potion of mutation]
 10858 | Lair:3   | Lost mutation: Your mind is acute. (Int +2) [potion of mutation]
 10858 | Lair:3   | Lost mutation: Your body sometimes deteriorates upon taking damage. [potion of mutation]
 10858 | Lair:3   | Lost mutation: You can translocate small distances at will. [potion of mutation]
 10858 | Lair:3   | Gained mutation: You are partially covered in rugged brown scales. (AC +1, +3% HP) [potion of mutation]
 10858 | Lair:3   | Gained mutation: You are partially covered in slimy green scales. (AC +2) [potion of mutation]
 11138 | Lair:3   | Learned a level 1 spell: Infusion
 11296 | Lair:3   | Found a hole to the Spider Nest.
 11806 | Lair:2   | Noticed Urug
 11808 | Lair:2   | Reached XP level 13. HP: 103/103 MP: 17/17
 11929 | Lair:2   | Killed Urug
 11929 | Lair:2   | Received a gift from Okawaru
 11930 | Lair:2   | Found the +14 obsidian axe {chop, +Fly SInv *Curse}
 12690 | Lair:4   | Found a staircase to the Shoals.
 12869 | Lair:4   | Reached skill level 15 in Shields
 13431 | Lair:5   | Found a runed door.
 13443 | Lair:5   | Noticed Dukluodd's ghost (journeyman HaGl)
 13598 | Lair:5   | Received a gift from Okawaru
 13605 | Lair:5   | Reached skill level 1 in Charms
 13635 | Lair:5   | Reached skill level 5 in Spellcasting
 13662 | Lair:5   | Reached skill level 5 in Hexes
 14373 | Lair:6   | Entered Level 6 of the Lair of Beasts
 14392 | Lair:6   | Received a gift from Okawaru
 14680 | Lair:6   | Found a staircase to the Slime Pits.
 14748 | Lair:6   | Reached XP level 14. HP: 102/113 MP: 20/20
 15439 | Lair:6   | Reached skill level 17 in Axes
 15443 | Lair:6   | Received a gift from Okawaru
 16393 | Orc:1    | Entered Level 1 of the Orcish Mines
 16393 | Orc:1    | Noticed Erica
 16397 | Orc:1    | Killed Erica
 17007 | Orc:1    | Noticed an orc warlord
 17027 | Orc:1    | Killed an orc warlord
 17178 | Orc:2    | Entered Level 2 of the Orcish Mines
 17304 | Orc:2    | Reached skill level 18 in Axes
 17499 | Orc:2    | Learned a level 2 spell: Song of Slaying
 17626 | Orc:2    | Found Foriab's Jewellery Shoppe.
 17632 | Orc:2    | Found a staircase to the Elven Halls.
 17916 | Orc:2    | Found Cuolua Qiane's Antique Weapon Shop.
 17926 | Orc:2    | Received a gift from Okawaru
 17946 | Orc:2    | HP: 2/119 [rust devil[an orc high priest] (13)]
 17947 | Orc:2    | Mangled by a rust devil

Vault maps used:
D:1:      dpeg_arrival_rooms_b, serial_bayou_pond_e
D:2:      minmay_tetromino_l2
D:3:      first_ration, okawaru_gym_becter
D:4:      uniq_duvessa
D:5:      cheibrodos_quashed, lemuel_crystal_altar, grunt_decor_cap,
          roderic_batcave
D:6:      gammafunk_temple_overflow_statue, lemuel_temple_firewalk_b,
          serial_shops, shop, uniq_grinder, uniq_pikel, uniq_menkaure
D:7:      serial_shops, shop, the_bakery, uniq_crazy_yiuf_cottage
D:8:      roderic_lattice_a, eino_tiny_chamber, st_stairs_4, fedhas_altar_3
D:9:      xom_butterflies, david_lair_generic, orc_0_dummy
Temple:   hc_temple_tempest_star
Lair:1:   nicolae_volcano_entry_lava_flow
Lair:2:   ebering_ghost_rock_garden, uniq_urug
Lair:3:   nicolae_spider_entry_tight_spaces, infiniplex_staircase_pool
Lair:4:   beast_lair_carwin_large_3, minmay_shoals_entry_lonely_mermaid,
          small_statue_intersection, st_stairs_4, minmay_lair_oklob_chamber,
          grunt_megastairs_3
Lair:5:   ebering_ghost_funeral_grove, grunt_megastairs_5
Lair:6:   due_jungle_book, nicolae_slime_entry_slimehenge
Orc:1:    uniq_erica
Orc:2:    st_orc_elflike, serial_shops, shop
Volcano:  volcano_grotto

Skill      XL: |  1  2  3  4  5  6  7  8  9 10 11 12 13 14 |
---------------+-------------------------------------------+-----
Axes           | 8 9 10 12 13 15 16 18 | 18.1
Dodging        | 1 2 3 4 5 |  5.0
Shields        | 8 9 10 11 12 14 15 | 15.0
Armour         | 4 5 |  5.0
Fighting       | 4 5 6 8 |  8.4
Evocations     | 2 4 5 |  5.0
Invocations    | 4 5 |  5.0
Spellcasting   | 3 5 |  5.0
Hexes          | 3 5 |  5.0
Charms         | 2 4 |  4.3

Action                   |  1- 3 |  4- 6 |  7- 9 | 10-12 | 13-15 || total
-------------------------+-------+-------+-------+-------+-------++-------
Melee: War axe           |    57 |   128 |   334 |   407 |   504 ||  1430
       Headbutt          |     8 |    20 |    48 |    81 |   143 ||   300
       Flail             |       |       |       |    14 |    13 ||    27
       Bite              |       |       |       |    11 |    66 ||    77
Throw: Tomahawk          |       |     7 |   125 |    34 |    52 ||   218
       Javelin           |       |     3 |    31 |    12 |    59 ||   105
       Throwing net      |       |       |       |     3 |     1 ||     4
Evoke: Wand              |       |    16 |     9 |    58 |       ||    83
  Use: Scroll            |     5 |     6 |    11 |     7 |     7 ||    36
       Potion            |     1 |       |     1 |    14 |     6 ||    22
 Stab: Paralysed         |       |       |       |    10 |       ||    10
  Eat: Chunk             |       |     7 |     3 |     8 |     7 ||    25
       Ration            |       |       |     3 |     3 |     3 ||     9
Armor: Scale mail        |    36 |    24 |       |       |       ||    60
       Ring mail         |       |    15 |    36 |       |       ||    51
       Plate armour      |       |       |   105 |   106 |   124 ||   335
       Leather armour    |       |       |       |     9 |       ||     9
Dodge: Dodged            |    23 |    36 |    94 |   107 |   164 ||   424
Block: Shield            |    36 |    64 |   221 |   251 |   295 ||   867

Table legend:
 A = Spawn XP
 B = Non-spawn XP
 C = Spawn XP percentage of total XP
 D = Spawn monster count
 E = Non-spawn monster count
 F = Spawn count percentage of total count
 G = Total turns spent on level
                    A         B        C        D         E        F      G
               +---------+---------+-------+---------+---------+-------+---------
         Total |       0 |   88641 |   0.0 |       0 |     564 |   0.0 | 17947
               +---------+---------+-------+---------+---------+-------+---------
           D:1 |       0 |      35 |   0.0 |       0 |      19 |   0.0 |   705
           D:2 |       0 |      62 |   0.0 |       0 |      21 |   0.0 |   690
           D:3 |       0 |     109 |   0.0 |       0 |      21 |   0.0 |   737
           D:4 |       0 |     503 |   0.0 |       0 |      22 |   0.0 |  1110
           D:5 |       0 |     658 |   0.0 |       0 |      30 |   0.0 |   997
           D:6 |       0 |    1603 |   0.0 |       0 |      18 |   0.0 |  1154
           D:7 |       0 |    1740 |   0.0 |       0 |      39 |   0.0 |  1254
           D:8 |       0 |    2282 |   0.0 |       0 |      29 |   0.0 |   860
           D:9 |       0 |    7405 |   0.0 |       0 |      40 |   0.0 |  1494
        Lair:1 |       0 |    5419 |   0.0 |       0 |      16 |   0.0 |   620
        Lair:2 |       0 |    7285 |   0.0 |       0 |      42 |   0.0 |   936
        Lair:3 |       0 |    9356 |   0.0 |       0 |      45 |   0.0 |  1401
        Lair:4 |       0 |    8412 |   0.0 |       0 |      30 |   0.0 |  1052
        Lair:5 |       0 |    8078 |   0.0 |       0 |      29 |   0.0 |  1011
        Lair:6 |       0 |   19281 |   0.0 |       0 |      44 |   0.0 |  1874
         Orc:1 |       0 |    7131 |   0.0 |       0 |      53 |   0.0 |   570
         Orc:2 |       0 |    3404 |   0.0 |       0 |      47 |   0.0 |   691
       Volcano |       0 |    5878 |   0.0 |       0 |      19 |   0.0 |   590
               +---------+---------+-------+---------+---------+-------+---------
